 Dungeon Crawl Stone Soup version 0.20-a0-1033-g05abe66 (webtiles) character file.

415 M4edhros the Insei (level 6, 0/36 HPs)
             Began as an Octopode Necromancer on Apr 21, 2017.
             Slain by a bullfrog zombie (6 damage)
             ... on level 5 of the Dungeon.
             The game lasted 00:04:46 (998 turns).

M4edhros the Insei (Octopode Necromancer)            Turns: 998, Time: 00:04:48

Health: 0/36       AC:  1    Str: 10    XL:     6   Next: 91%
Magic:  1/9        EV: 13    Int: 17    God:
Gold:   126        SH:  0    Dex: 14    Spells: 4/9 levels left

rFire    . . .     SeeInvis .   k - +2 short sword (venom)
rCold    . . .     Gourm    .   (no shield)
rNeg     + . .     Faith    .   (helmet restricted)
rPois    .         Spirit   .   p - amulet of rage (curse)
rElec    .         Reflect  .   d - ring of positive energy
rCorr    .         Harm     .   i - +2 ring of strength
MR       .....                  (no ring)
Stlth    +++.......             (no ring)
Regen    0.2/turn               (no ring)
MPRegen  0.2/turn               (no ring)
                                (no ring)
                                (no ring)

@: very slightly contaminated
A: almost no armour, stealthy swim, amphibious, 8 rings, constrict 8, camouflage
1, gelatinous body 1
a: Evoke Berserk Rage


You were on level 5 of the Dungeon.
You were near starving.

You visited 1 branch of the dungeon, and saw 5 of its levels.

You collected 126 gold pieces.

Inventory:

Hand Weapons
 k - a +2 short sword of venom (weapon)
Missiles
 c - 30 poisoned needles
 f - 64 stones (quivered)
 m - 51 sling bullets
Armour
 j - a +0 shield
Jewellery
 d - a ring of positive energy (left tentacle)
 g - an uncursed amulet of guardian spirit
 i - a +2 ring of strength (right tentacle)
 p - a cursed amulet of rage (around mantle)
Scrolls
 e - 6 scrolls of teleportation {unknown}
 l - 2 scrolls of remove curse {unknown}
 n - a scroll of fog {unknown}
 o - 2 scrolls of magic mapping {unknown}
 r - a scroll of fear {unknown}
Books
 a - a book of Necromancy

   Spells                             Type                      Level
   a - Pain                           Necromancy                   1
   b - Animate Skeleton               Necromancy                   1
   c - Vampiric Draining              Necromancy                   3
   d - Regeneration                   Charms/Necromancy            3
   e - Animate Dead                   Necromancy                   4
   f - Control Undead                 Necromancy                   4
Comestibles
 b - 2 bread rations
 h - 2 meat rations
 q - a royal jelly


   Skills:
 - Level 2.0 Dodging
 - Level 2.6 Stealth
 + Level 6.8 Unarmed Combat
 - Level 2.0 Spellcasting
 - Level 4.0 Necromancy


You had 4 spell levels left.
You knew the following spells:

 Your Spells              Type           Power        Failure   Level  Hunger
a - Pain                  Necr           ###.         3%          1    #......
b - Animate Skeleton      Necr           N/A          3%          1    #......
c - Regeneration          Chrm/Necr      #.........   26%         3    ###....


Dungeon Overview and Level Annotations

Branches:
Dungeon (5/15)
 Temple: D:4-7

Altars:
The Shining One


Innate Abilities, Weirdness & Mutations

You cannot wear most types of armour.
You are very stealthy in the water. (Stealth+)
You are amphibious.
You can wear up to eight rings at the same time.
You can use your tentacles to constrict eight enemies at once.
Your skin changes colour to match your surroundings (Stealth+).
Your rubbery body absorbs attacks. (AC +1, EV +1)


Message History

Casting: Regeneration
Confirm with . or Enter, or press ? or * to list all spells.
You miscast Regeneration.
Your tentacles glow momentarily.
You hit the orc wizard.
The orc wizard looks as sick as possible!
Your grab misses the orc wizard.
The orc wizard is almost dead.
You kill the orc wizard!
Unknown command.
You aren't carrying any items that you can evoke.
It was a potion of brilliance.
You feel clever all of a sudden. The bullfrog zombie misses you.
It was a potion of cancellation.
Your magical effects are unravelling.
You feel magically purged.
You feel slightly less contaminated with magical energies.
You feel a little less clever now. The bullfrog zombie hits you.
You die...

# .# ##. ## ##..
#. ...#.# #.
#..#.#
##.#####..#.####
#.oooZ@.........
#..#####..#.###
#.. #.....##
#..#####......##.#
#................#
#.#########.######
#. #.# #. #.#
##'##


You could see 3 orcs and a bullfrog zombie.

Vanquished Creatures
  An ogre (D:4)
  A crimson imp (D:4)
  3 hounds (D:4)
  An orc priest (D:4)
  3 orc wizards
  A worker ant (D:4)
  3 adders
  2 oozes
  An adder skeleton (D:4)
  A worm (D:4)
  2 dart slugs
  A leopard gecko (D:1)
  5 orcs
  2 giant cockroaches
  4 goblins
  2 hobgoblins
  2 jackals (D:1)
  2 kobolds (D:1)
  A quokka (D:4)
  A ball python (D:1)
  4 bats
  6 frilled lizards
  A leopard gecko skeleton (D:4)
  4 rats
54 creatures vanquished.

Vanquished Creatures (collateral kills)
  2 kobolds (D:1)
2 creatures vanquished.

Grand Total: 56 creatures vanquished

Notes
Turn   | Place    | Note
-------+----------+-------------------------------------------
     0 | D:1      | M4edhros the Octopode Necromancer began the quest for the Orb.
     0 | D:1      | Reached XP level 1. HP: 11/11 MP: 3/3
    87 | D:1      | Reached skill level 1 in Unarmed Combat
    96 | D:1      | Learned a level 1 spell: Animate Skeleton
   120 | D:1      | Reached XP level 2. HP: 16/17 MP: 1/5
   151 | D:1      | Reached skill level 2 in Unarmed Combat
   254 | D:1      | Reached XP level 3. HP: 19/21 MP: 4/6
   259 | D:1      | Learned a level 3 spell: Regeneration
   294 | D:2      | Reached skill level 3 in Unarmed Combat
   473 | D:4      | Reached XP level 4. HP: 27/27 MP: 7/7
   514 | D:4      | Reached skill level 4 in Unarmed Combat
   540 | D:4      | Found a glowing golden altar of the Shining One.
   560 | D:4      | Reached XP level 5. HP: 25/31 MP: 5/8
   587 | D:4      | Reached skill level 5 in Unarmed Combat
   633 | D:4      | Reached XP level 6. HP: 4/36 MP: 1/9
   727 | D:4      | Reached skill level 6 in Unarmed Combat
   968 | D:5      | Entered Level 5 of the Dungeon
   998 | D:5      | Slain by a bullfrog zombie

Vault maps used:
D:1:      ncdulo_lavacross
D:2:      fedhas_altar_1, elyvilon_altar_3, nicolae_overflow_hidden_temple,
          first_bread, minmay_goblin_kobold_house
D:3:      nemelex_lonely_heart_becter, uniq_jessica, uniq_terence
D:4:      old_standard_altar, grunt_decor_fettered, uniq_blork_the_orc
D:5:      gammafunk_temple_overflow_wave, zin_purify, lemuel_temple_firewalk_a,
          guppyfry_shop_venom, uniq_pikel

Skill      XL: |  1  2  3  4  5  6 |
---------------+-------------------+-----
Unarmed Combat | 1 2 3 4 5 6 |  6.8
Dodging        | |  2.0
Stealth        | |  2.6
Spellcasting   | |  2.0
Necromancy     | |  4.0

Action                   |  1- 3 |  4- 6 || total
-------------------------+-------+-------++-------
Melee: Unarmed           |    21 |       ||    21
       Constrict         |    13 |    15 ||    28
       Tentacles         |     6 |    12 ||    18
       Short sword       |    42 |    52 ||    94
       Punch             |       |     1 ||     1
 Cast: Pain              |     7 |     4 ||    11
       Animate Skeleton  |     2 |     3 ||     5
       Regeneration      |       |     5 ||     5
  Use: Potion            |       |     3 ||     3
 Stab: Sleeping          |     4 |     5 ||     9
Armor: Skin              |     4 |     1 ||     5
Dodge: Dodged            |    42 |    27 ||    69
